 Dungeon Crawl Stone Soup version 0.16-a0-3691-gf72e470 (webtiles) character file.

30 Gorice the Magician (level 2, 0/23 HPs)
             Began as a Demigod Wanderer on Jan 18, 2015.
             Succumbed to an adder's poison
             ... on level 2 of the Dungeon.
             The game lasted 00:07:54 (1406 turns).

Gorice the Magician (Demigod Wanderer)              Turns: 1406, Time: 00:07:54

Health: 0/23       AC:  3    Str: 14    XL:     2   Next: 84%
Magic:  1/7        EV: 10    Int: 16    God:
Gold:   106        SH:  0    Dex: 16    Spells: 1 memorised, 6 levels left

rFire  . . .     SeeInvis .     d - +0 dagger
rCold  . . .     Clarity  .     i - +0 leather armour
rNeg   . . .     SustAb   +     (no shield)
rPois  .         Gourm    .     (no helmet)
rElec  .         Spirit   .     (no cloak)
rCorr  .         Warding  .     (no gloves)
rMut   .         Stasis   .     (no boots)
MR     .....                    (no amulet)
Stlth  ++........               (no ring)
                                (no ring)

@: lethally poisoned, not resistant to hostile enchantments, unstealthy
A: sustain abilities
a: no special abilities


You were on level 2 of the Dungeon.
You were not hungry.

You visited 1 branch of the dungeon, and saw 2 of its levels.

You collected 106 gold pieces.

Inventory:

Hand weapons
 d - a +0 dagger (weapon)
 k - a +4 dagger
 p - a +0 spear
Missiles
 o - 5 poisoned needles
 Z - 26 stones (quivered)
Armour
 c - a +0 robe
 i - a +0 leather armour (worn)
 s - a +0 ring mail
Scrolls
 e - 3 scrolls of remove curse {unknown}
 g - a scroll of recharging {unknown}
 h - a scroll of teleportation {unknown}
 l - a scroll of magic mapping {unknown}
 m - a scroll of identify {unknown}
 n - a scroll of random uselessness {unknown}
Books
 a - a book of Minor Magic
 b - Ozocubu's Disquisition on the Frostbite

   Spells                             Type                      Level
   a - Throw Frost                    Conjuration/Ice              2
   b - Ensorcelled Hibernation        Hexes/Ice                    2
Comestibles
 f - 2 bread rations
 q - 4 chunks of flesh


   Skills:
 - Level 1.0 Fighting
   Level 1.0 Bows
 - Level 1.0 Throwing
 - Level 1.0 Armour
 - Level 1.0 Stealth
 + Level 3.0 Spellcasting
 * Level 1.9 Conjurations
   Level 1.0 Hexes
   Level 1.0 Air Magic


You had 6 spell levels left.
You knew the following spells:

 Your Spells              Type           Power        Failure   Level  Hunger
a - Magic Dart            Conj           #...         12%         1    #......


Dungeon Overview and Level Annotations

Branches:
Dungeon (2/15)


Innate Abilities, Weirdness & Mutations

Your attributes are resistant to harm.


Message History

You feel better. The adder bites you.
* * * LOW HITPOINT WARNING * * *
You are lethally poisoned!
The adder poisons you!
Unknown command.
Drink which item? (? for menu, Esc to quit)
It was a potion of restore abilities.
You feel refreshed.
* * * LOW HITPOINT WARNING * * *
You feel sick. The adder bites you but does no damage.
Unknown command.
You miss the adder.
The adder is heavily wounded.
The adder bites you but does no damage. x2
You hit the adder but do no damage.
The adder is heavily wounded.
The adder bites you.
* * * LOW HITPOINT WARNING * * *
You closely miss the adder.
The adder is heavily wounded.
You die...

#.......(......#
##......(......##
#..##.......(......#
#..[..รท....(......#
.........#....w......##
.....................#
##..#..#.##...#......#
#.###...####.##....##
..#.....@Sw...#..<.#
#..#########......# #
#......# #..#####
##..## .#####....#
#####
..........#####....
#####.#.....##.....
#..............


You could see a worm and an adder.

Vanquished Creatures
  2 adder zombies (D:1)
  2 goblins (D:1)
  7 hobgoblins
  A kobold (D:1)
  A ball python (D:1)
  3 bats
  A giant cockroach (D:1)
  4 giant newts
  3 rats
24 creatures vanquished.

Notes
Turn   | Place    | Note
--------------------------------------------------------------
     0 | D:1      | Gorice, the Demigod Wanderer, began the quest for the Orb.
     0 | D:1      | Gorice set off with: a book of Minor Magic, Ozocubu's Disquisition on the Frostbite, a +0 robe, a +0 dagger, a bread ration
     0 | D:1      | Reached XP level 1. HP: 16/16 MP: 4/4
     0 | D:1      | Identified Ozocubu's Disquisition on the Frostbite
     2 | D:1      | Learned a level 1 spell: Magic Dart
   123 | D:1      | Reached skill level 1 in Conjurations
   391 | D:1      | Reached XP level 2. HP: 17/23 MP: 3/6
   794 | D:1      | Reached skill level 3 in Spellcasting
  1401 | D:2      | HP: 1/23 [adder (2)]
  1406 | D:2      | Succumbed to an adder's poison

Action                   || total
-------------------------++-------
Melee: Dagger            ||    48
Throw: Stone             ||     6
 Cast: Magic Dart        ||    64
  Use: Potion            ||     3
  Eat: Chunk             ||     2

Table legend:
 A = Turns spent in this place as a percentage of turns spent in the entire game.
 B = Non-inter-level travel turns spent in this place as a percentage of non-inter-level travel turns spent in the entire game.
 C = Inter-level travel turns spent in this place as a percentage of turns spent in this place.
 D = Turns resting spent in this place as a percentage of non-inter-level travel turns spent in this place.
 E = Turns spent auto-exploring this place as a percentage of non-inter-level travel turns spent in this place.
 F = Non-inter-level travel turns spent in this place divided by the number of levels of this place that you've seen.
                   A       B       C       D       E      F
               +-------+-------+-------+-------+-------+----------------------
         Total | 100.0 | 100.0 |   0.3 |   1.7 |   4.2 | 287.0
       Dungeon | 100.0 | 100.0 |   0.3 |   1.7 |   4.2 | 287.0
               +-------+-------+-------+-------+-------+----------------------

Vault maps used:
D:1:      saegor_arrival_fortress
